 Dungeon Crawl Stone Soup version 0.28-a0-973-ga7f8b01127 (webtiles) character file.

Game seed: 12101304472694798434

2079 ragingrage the Cleaver (level 9, 0/47 (49) HPs)
             Began as a Vine Stalker Chaos Knight on Dec 1, 2021.
             Was a Plaything of Xom.
             Slain by a wight (1 damage)
             ... on level 8 of the Dungeon.
             The game lasted 00:08:31 (5393 turns).

ragingrage the Cleaver (Vine Stalker Chaos Knight)  Turns: 5393, Time: 00:08:31

HP:   0/47 (49)     AC:  7    Str: 15    XL:     9   Next: 26%
MP:   0/10          EV: 11    Int: 12    God:    Xom [*.....]
Gold: 320           SH:  0    Dex: 13    Spells: 8/8 levels left

rFire   + . .      SeeInvis .   b - +2 dagger (venom)
rCold   . . .      Faith    .   (no shield)
rNeg    + + .      Spirit   +   d - +3 leather armour
rPois   .          Reflect  .   k - +0 helmet
rElec   +          Harm     .   g - +0 cloak
rCorr   .          Rampage  .   x - +0 pair of gloves
Will    +....                   (no boots)
Stlth   +.........              w - amulet "Biczuj" {Spirit +Inv rElec rN+ Dex-3}
HPRegen 0.95/turn               e - ring of positive energy
MPRegen 0.12/turn               h - ring of protection from fire

@: lightly drained, unable to read
A: fangs 3, regeneration 1, magic shield, antimagic bite, no potion heal 2,
deformed body, screaming 1, weak 1, inability to read while threatened
a: Renounce Religion, Evoke Invisibility


You were on level 8 of the Dungeon.
You worshipped Xom.
You were a special plaything of Xom.
You visited 1 branch of the dungeon, and saw 8 of its levels.

You collected 320 gold pieces.

Inventory:

Hand Weapons
 a - a +4 spear
 b - a +2 dagger of venom (weapon)
 m - a +0 war axe
Missiles
 v - 22 poisoned darts (quivered)
Armour
 d - a +3 leather armour (worn)
 g - a +0 cloak (worn)
 k - a +0 helmet (worn)
 x - a +0 pair of gloves (worn)
Jewellery
 e - a ring of positive energy (left hand)
 h - a ring of protection from fire (right hand)
 j - an amulet of magic regeneration
 n - a ring of wizardry
 w - the amulet "Biczuj" (around neck) {Spirit +Inv rElec rN+ Dex-3}
   (You found it on level 5 of the Dungeon)

   [amulet of guardian spirit]

   It causes incoming damage to be divided between your reserves of health and
   magic.
   Dex:       It affects your dexterity (-3).
   rElec:     It insulates you from electricity.
   rN:        It protects you from negative energy.
   +Inv:      It lets you turn invisible.
Wands
 s - a wand of iceblast (10)
 t - a wand of mindburst (10)
Scrolls
 q - a scroll of enchant weapon {unknown}
 r - 3 scrolls of identify
 u - a scroll of teleportation
Potions
 c - a potion of might {unknown}
 f - 2 potions of flight {unknown}
 i - 3 potions of curing {unknown}
 l - a potion of invisibility {unknown}
 p - 3 potions of degeneration


   Skills:
 + Level 6.7 Fighting
 * Level 9.5 Axes
 - Level 1.5 Armour
 - Level 0.7 Dodging


You had 8 spell levels left.
You didn't know any spells.
Your spell library contained the following spells:

 Spells                   Type           Power      Damage    Failure   Level
 Blink                    Tloc           0%         N/A       52%         2
 Corpse Rot               Necr/Air       0%         N/A       52%         2
 Ensorcelled Hibernation  Hex/Ice        0%         N/A       52%         2
 Poisonous Vapours        Pois/Air       0%         N/A       52%         2
 Call Canine Familiar     Summ           0%         N/A       77%         3
 Portal Projectile        Hex/Tloc       0%         N/A       77%         3
 Spider Form              Tmut/Pois      0%         N/A       77%         3
 Dispel Undead            Necr           0%         3d6       99%         4
 Leda's Liquefaction      Hex/Erth       0%         N/A       99%         4
 Manifold Assault         Tloc           0%         N/A       100%        5
 Death Channel            Necr           0%         N/A       100%        6
 Dispersal                Tloc           0%         N/A       100%        6
 Storm Form               Tmut/Air       0%         N/A       100%        7
 Disjunction              Tloc           0%         N/A       100%        8


Dungeon Overview and Level Annotations

Branches:
Dungeon (8/15)             Temple (0/1) D:6
   Lair: D:8-11

Altars:
Fedhas
Nemelex Xobeh
Uskayaw
Zin

Shops:
D:8 (

Annotations:
D:4 3 runed translucent doors, exclusion: oklob plant, Libra00's ghost, amateur GrGl
D:7 math4jedi's ghost, novice HOFi


Innate Abilities, Weirdness & Mutations

You have razor-sharp teeth.
Your natural rate of healing is unusually fast.
When hurt, damage is shared between your health and your magic reserves.
Your bite disrupts and absorbs the magic of your enemies.
Potions cannot restore your health.
Armour fits poorly on your strangely shaped body.
You occasionally shout uncontrollably at your foes.
You are weak. (Str -2)
You sometimes lose the ability to read scrolls when taking damage.


Message History

a +0 club; a +0 robe; a gnoll corpse
Things that are here:
a +0 spear; a gnoll corpse You yell at the wight! 3 wights come into view.
You barely miss the wight.
The wight hits you with a +4 long sword.
The wight hits you with a +4 long sword!
The wight hits you with a +4 long sword.
The wight barely misses you. The wight closely misses you.
Found a stone staircase leading down.
The wight hits you with a +0 war axe!
You feel threatened and lose the ability to read scrolls!
The wight closely misses you. The wight closely misses you.
The wight hits you with a +4 long sword!
Found a short sword.
A wight comes into view. It is wielding a +3 hand axe.
Found Nerimib's Weapon Emporium.
You hear the creaking of a distant portcullis.
The wight barely misses you. The wight barely misses you.
You closely miss the wight. You bite the wight, but do no damage.
The wight hits you with a +4 long sword.
The wight hits you with a +0 war axe!
The wight hits you with a +0 great sword.
* * * LOW HITPOINT WARNING * * *
The wight hits you with a +3 hand axe!
* * * LOW HITPOINT WARNING * * *
You partially resist.
You feel drained.
You hit the wight.
The wight is lightly damaged.
Xom opens a gate.
You are now a special plaything of Xom.
The wight hits you with a +4 long sword!
* * * LOW HITPOINT WARNING * * *
Xom roars with laughter!
The wight misses you. The wight closely misses you.
The wight hits you with a +3 hand axe.
You die...
Xom is highly amused!

### #+# #.# ....
#.#####.#### ....
#..........#
.....#..........#
.....#..........####
................>..#
.....#...........#.
#### #.........zz#
.. #.#######.z@#
######.# ###z#
.g.z...# #..5#
########♣.∩..'.###
### ♣⌠.⌠♣## ..# ♣♣♣
### ..# ########.#
..# #........#
..#####........#


You could see 4 wights and a friendly crimson imp (summoned).

Vanquished Creatures
  Grinder (D:6)
  Eustachio (D:5)
  A steam dragon (D:5)
  2 water moccasins
  An orc warrior (D:6)
  2 ice beasts
  2 ogres (D:6)
  A centaur (D:6)
  A bullfrog (D:4)
  A scorpion (D:5)
  A water moccasin zombie (D:4)
  A wight (D:8)
  A bullfrog zombie (D:4)
  3 centaur zombies
  2 bullfrog skeletons
  A jelly (D:4)
  2 orc priests
  A gnoll shaman (D:8)
  An iguana (D:5)
  An orc wizard (D:5)
  A scorpion zombie (D:4)
  A killer bee zombie (D:5)
  A hound zombie (D:4)
  3 gnolls (D:8)
  9 adders
  A white imp (D:5)
  2 ufetubi (D:5)
  3 adder zombies (D:4)
  2 adder skeletons (D:4)
  A worm (D:3)
  2 dart slugs
  14 orcs
  12 endoplasms
  5 giant cockroaches
  7 goblins
  9 hobgoblins
  3 jackals (D:1)
  4 quokkas
  12 ball pythons
  7 bats
  3 frilled lizards
  8 kobolds
  8 rats
145 creatures vanquished.

Vanquished Creatures (others)
  An orc (D:6)
1 creature vanquished.

Grand Total: 146 creatures vanquished

Notes
Turn   | Place    | Note
-------+----------+-------------------------------------------
     0 | D:1      | ragingrage the Vine Stalker Chaos Knight began the quest
                  | for the Orb.
     0 | D:1      | Reached XP level 1. HP: 11/11 MP: 2/2
   351 | D:1      | Reached skill level 3 in Axes
   436 | D:1      | Reached XP level 2. HP: 16/16 MP: 3/3
   520 | D:1      | XOM: divination: detect creatures
   522 | D:1      | XOM: enchant monster (bad)
   882 | D:1      | XOM: noise
   895 | D:1      | XOM: god gift: 20 stones
   901 | D:1      | Found a faded altar of an unknown god.
   906 | D:1      | Reached XP level 3. HP: 19/19 MP: 2/4
   916 | D:1      | XOM: scenery: 1 doors close
  1328 | D:1      | XOM: silly message
  1520 | D:2      | XOM: noise
  1549 | D:2      | Reached skill level 4 in Axes
  1605 | D:2      | XOM: cloud trail
  1649 | D:2      | Found a glowing silver altar of Zin.
  1727 | D:2      | Gained mutation: Your natural rate of healing is unusually
                  | fast. [Vine Stalker growth]
  1727 | D:2      | Reached XP level 4. HP: 23/23 MP: 5/5
  1837 | D:2      | XOM: divination: detect items
  1925 | D:3      | Found a hide-covered altar of Uskayaw.
  2562 | D:3      | Reached XP level 5. HP: 28/28 MP: 4/6
  2717 | D:3      | XOM: noise
  2876 | D:4      | XOM: silly message
  2897 | D:4      | XOM: silly message
  2912 | D:4      | Reached skill level 5 in Axes
  2923 | D:4      | Reached XP level 6. HP: 33/33 MP: 7/7
  2942 | D:4      | XOM: silly message
  3174 | D:4      | XOM: silly message
  3237 | D:4      | Reached skill level 6 in Axes
  3264 | D:4      | Reached XP level 7. HP: 36/38 MP: 8/8
  3303 | D:4      | Found a blossoming altar of Fedhas.
  3326 | D:4      | Noticed an oklob plant
  3335 | D:4      | XOM: silly message
  3369 | D:4      | Found a runed translucent gate.
  3370 | D:4      | Found a runed translucent gate.
  3371 | D:4      | Found a runed translucent gate.
  3371 | D:4      | Noticed Libra00's ghost (amateur GrGl)
  3438 | D:4      | You fall into a shaft and drop 2 floors!
  3438 | D:6      | Found a staircase to the Ecumenical Temple.
  3499 | D:7      | Noticed math4jedi's ghost (novice HOFi)
  3500 | D:7      | Noticed a centaur warrior
  3521 | D:6      | XOM: divination: detect creatures
  3563 | D:6      | XOM: divination: detect creatures
  3564 | D:6      | XOM: potion effect (invisibility)
  3566 | D:6      | XOM: scenery: summon butterflies
  3579 | D:6      | XOM: summons 3 hostile shadow creatures
  3654 | D:6      | Reached skill level 5 in Fighting
  3654 | D:6      | Reached skill level 7 in Axes
  3682 | D:6      | XOM: butterfly on damage
  3688 | D:6      | Gained mutation: You have razor-sharp teeth. [Vine Stalker
                  | growth]
  3688 | D:6      | Reached XP level 8. HP: 37/43 MP: 9/9
  3690 | D:5      | Entered Level 5 of the Dungeon
  3692 | D:5      | XOM: summons friendly white imp
  3813 | D:5      | XOM: blink monster(s)
  3816 | D:5      | XOM: confusion (+ monsters)
  3823 | D:5      | XOM: summons 3 hostile demons
  4279 | D:5      | Identified the amulet "Biczuj" {Spirit +Inv rElec rN+
                  | Dex-3}
  4428 | D:5      | Reached skill level 8 in Axes
  4464 | D:5      | XOM: give mutations
  4464 | D:5      | Gained mutation: Armour fits poorly on your strangely
                  | shaped body. [Xom's mischief]
  4464 | D:5      | Gained mutation: You occasionally shout uncontrollably at
                  | your foes. [Xom's mischief]
  4464 | D:5      | Gained mutation: You sometimes lose the ability to read
                  | scrolls when taking damage. [Xom's mischief]
  4464 | D:5      | Gained mutation: You are weak. (Str -2) [Xom's mischief]
  4518 | D:5      | XOM: divination: detect creatures
  4522 | D:5      | XOM: enchant monster (bad)
  4541 | D:5      | XOM: noise
  4650 | D:6      | Noticed Grinder
  4676 | D:6      | XOM: silly message
  4676 | D:6      | Paralysed by Grinder for 4 turns
  4679 | D:6      | XOM: divination: detect items
  4685 | D:6      | Killed Grinder
  4770 | D:6      | Noticed Eustachio
  4777 | D:5      | XOM: silly message
  4788 | D:5      | Reached skill level 9 in Axes
  4788 | D:5      | Reached XP level 9. HP: 21/49 MP: 10/10
  4792 | D:5      | XOM: enchant monster (bad)
  4808 | D:5      | XOM: divination: detect creatures
  4839 | D:5      | Killed Eustachio
  4940 | D:6      | Found a sparkling altar of Nemelex Xobeh.
  5077 | D:6      | XOM: silly message
  5332 | D:8      | XOM: silly message
  5389 | D:8      | Found Nerimib's Weapon Emporium.
  5393 | D:8      | XOM: summons friendly crimson imp
  5393 | D:8      | HP: 1/47 [wight (7)]
  5393 | D:8      | Slain by a wight

Illustrated notes

Levels and vault maps discovered:
D:1:      lightli_arrival_maybe_door_vault, layout_basic,
          nicolae_ecumenical_lake_church, minmay_tromino_mix6
D:2:      layout_rooms, basic_altar, chequers_serial_rivers_small_b
D:3:      layout_basic, eat_drink_and_be_merry_uskayaw, wad_woods_river_04
D:4:      layout_cave_pools, tgw_fedhas, ebering_ghost_rock_garden,
          serial_undead, serial_undead_e, serial_undead_f, serial_undead_d,
          serial_undead_f
D:5:      layout_basic, grunt_ministairs_15
D:6:      layout_rooms, nemelex_xobeh_ov_fountains_minmay,
          minmay_temple_entry_glass, uniq_grinder, uniq_eustachio
D:7:      layout_basic, makhleb_grotto_becter, mainiacjoe_overflow_divided_tiny,
          kennysheep_mini, gammafunk_ghost_split
D:8:      layout_basic, serial_shops, kennysheep_little_box, enter_bailey_7,
          lemuel_another_geyser

Skill      XL: |  1  2  3  4  5  6  7  8 |
---------------+-------------------------+-----
Axes           | 3 4 5 6 7 9 |  9.5
Fighting       | 3 4 5 6 |  6.7
Armour         | |  1.5
Dodging        | |  0.7

Action                   |  1- 3 |  4- 6 |  7- 9 || total
-------------------------+-------+-------+-------++-------
Melee: Hand axe          |    33 |    13 |       ||    46
       Bite              |    35 |    54 |    67 ||   156
       Dagger            |    94 |   131 |   204 ||   429
       Spear             |       |    40 |    36 ||    76
Evoke: Wand              |       |       |     2 ||     2
  Use: Scroll            |       |       |     8 ||     8
 Stab: Distracted        |     1 |       |     1 ||     2
       Sleeping          |       |     1 |     2 ||     3
       Invisible         |       |       |     5 ||     5
Armor: Leather armour    |    63 |    69 |   105 ||   237
Dodge: Dodged            |    89 |    93 |   169 ||   351

Table legend: (Time is in decaauts)
 A = Elapsed time spent in this place.
 B = Non-inter-level travel time spent in this place.
 C = Inter-level travel time spent in this place.
 D = Time resting spent in this place.
 E = Time spent auto-exploring this place.
 F = Levels seen in this place.
 G = Mean time per level.
                   A        B        C        D        E       F      G
               +--------+--------+--------+--------+--------+-----+--------+
         Total |   5394 |   5169 |    225 |     42 |   3663 |   8 |  674.2 |
       Dungeon |   5394 |   5169 |    225 |     42 |   3663 |   8 |  674.2 |
               +--------+--------+--------+--------+--------+-----+--------+

Top non-repeatable levels by time:
     D:1: 1471 daAuts
     D:3: 985 daAuts
     D:5: 982 daAuts
     D:6: 637 daAuts
     D:4: 559 daAuts
     D:2: 436 daAuts
     D:8: 255 daAuts
     D:7: 66 daAuts
